[Event "Warsaw Chess Open-B 2022"]
[Site "Warsaw"]
[Date "2022.07.20"]
[Round "3.3"]
[White "Radecki, Wojciech"]
[Black "Drozdz, Jakub"]
[Result "1-0"]
[ECO "B24"]
[WhiteElo "1907"]
[BlackElo "1671"]
[Annotator "TA"]
[PlyCount "77"]
[EventDate "2022.07.18"]
[EventType "swiss"]
[EventCountry "POL"]
[SourceTitle "playchess.com"]
[Source "ChessBase"]
[SourceQuality "1"]
[TimeControl "40/5400+30:1800+30"]

1. e4 c5 2. Nc3 Nc6 3. g3 g6 4. Bg2 Bg7 5. Nge2 e6 6. O-O Nge7 7. d3 O-O 8. Bg5 h6 {[%emt 0:05:29] B24: Closed Sicilian: 3 g3 sidelines.} 9. Bd2 d5 10. Qc1 Kh7 {[%emt 0:04:24] [#] Black has an edge.} 11. Nf4 $146 (11. a3 $11) ({Predecessor:} 11. Nd1 Qb6 12. Rb1 dxe4 13. dxe4 Nd4 14. Re1 Nec6 15. c3 Nxe2+ 16. Rxe2 Qa6 17. Re3 Qxa2 {1-0 (52) De Araujo,L (1906)-Ferreira,M (1927) Sao Paulo 2012}) 11... d4 12. Nd1 e5 13. Ne2 Be6 14. b3 a5 (14... Qd7 $15) 15. Nb2 (15. f4 $5 ) 15... b5 16. a4 b4 17. h4 (17. Nc4 $11) 17... h5 18. Bg5 f6 19. Bd2 Ng8 20. f4 Bh6 (20... Ra7 $17) 21. Kh2 Ra7 22. Rf2 Rg7 23. Qf1 Rff7 ({Black should play} 23... exf4 $17 24. Bxf4 (24. Nxf4 Bxf4 25. Bxf4 Nh6 $15) 24... Qe7) 24. Bh3 (24. Kh1 $11 {keeps the balance.}) 24... Qe8 (24... Bxh3 $17 25. Qxh3 f5) 25. Qg2 (25. Ng1 $11) 25... g5 $2 (25... f5 $17 {keeps the pressure on.}) 26. fxg5 (26. Bxe6 $16 Qxe6 27. hxg5 fxg5 28. f5) 26... fxg5 27. Rxf7 Bxf7 28. Bf5+ (28. hxg5 $16 Bxg5 29. Bxg5 Rxg5 30. Rf1) 28... Kh8 (28... Bg6 $11 {might be stronger.}) 29. hxg5 $1 $14 Bxg5 30. Bxg5 Rxg5 31. Ng1 Nh6 {[%emt 0:02:32] [#]} (31... Rg7 $14) 32. Nf3 ({White should try} 32. Qd2 $1 $16 Ng4+ 33. Bxg4 Rxg4 34. Rf1) 32... Ng4+ {[%emt 0:03:02] A mistake that costs the game.} (32... Rg7 $14) 33. Bxg4 $18 Rxg4 34. Rf1 Qg8 (34... Be6 {keeps fighting.} 35. Nh4 Qd8) 35. Nh4 Ne7 $2 (35... Qg7 36. Qf3 Be6) 36. Qf3 Be6 37. Qf6+ Rg7 38. Qxe5 {[%emt 0:00:55] [#] Threatens to win with Rf6.} Nc6 39. Ng6+ {[%emt 0:01:10] Weighted Error Value: White=0.25 (precise) /Black=0.73} 1-0

[Event "Warsaw Chess Open-B 2022"]
[Site "Warsaw"]
[Date "2022.07.20"]
[Round "3.4"]
[White "Wieckowski, Michal"]
[Black "Posuniak, Weronika"]
[Result "0-1"]
[ECO "B01"]
[WhiteElo "1669"]
[BlackElo "1895"]
[Annotator "NA RC COMBH"]
[PlyCount "62"]
[EventDate "2022.07.18"]
[EventType "swiss"]
[EventCountry "POL"]
[SourceTitle "playchess.com"]
[Source "ChessBase"]
[SourceQuality "1"]
[TimeControl "40/5400+30:1800+30"]

1. e4 d5 2. exd5 Nf6 3. d4 Nxd5 4. c4 Nb6 5. Nc3 g6 6. Be3 Bg7 7. h3 O-O 8. Nf3 Nc6 9. Qd2 e5 10. d5 Nd4 11. Nxd4 exd4 12. Bxd4 Qe7+ 13. Be3 Qb4 14. Nd1 Qa4 15. b3 Qa3 16. Rc1 Rd8 17. Be2 Nd7 18. O-O Nf6 19. Nc3 a6 20. Bf3 Bf5 21. Rfd1 h5 22. Bg5 Re8 23. Qf4 Nh7 24. Bh6 Be5 25. Qd2 Qd6 26. Be3 Qf6 27. Re1 Bxh3 28. Bxh5 gxh5 29. gxh3 Qf3 30. Qe2 Qxh3 31. f3 Kh8 0-1

[Event "Warsaw Chess Open-B 2022"]
[Site "Warsaw"]
[Date "2022.07.20"]
[Round "3.5"]
[White "Kaminski, Jan"]
[Black "Szymkiewicz, Witold"]
[Result "1/2-1/2"]
[ECO "B13"]
[WhiteElo "1870"]
[BlackElo "1642"]
[Annotator "NA RC COMBH"]
[PlyCount "110"]
[EventDate "2022.07.18"]
[EventType "swiss"]
[EventCountry "POL"]
[SourceTitle "playchess.com"]
[Source "ChessBase"]
[SourceQuality "1"]
[TimeControl "40/5400+30:1800+30"]

1. e4 c6 2. d4 d5 3. exd5 cxd5 4. Bd3 Nf6 5. c3 Nc6 6. Bf4 g6 7. Nf3 Bg7 8. Nbd2 O-O 9. h3 Re8 10. O-O Nh5 11. Bh2 e5 12. dxe5 Nxe5 13. Nxe5 Bxe5 14. Bxe5 Rxe5 15. Nf3 Re7 16. Qd2 Qc7 17. Rfe1 Be6 18. Nd4 Rae8 19. Re3 Bd7 20. Rxe7 Rxe7 21. Rd1 a6 22. Bf1 Qf4 23. Qxf4 Nxf4 24. Kh2 Ne6 25. Nc2 Ba4 26. b3 Bc6 27. Nb4 Nc5 28. Nxd5 Bxd5 29. Rxd5 Ne4 30. c4 Nxf2 31. c5 Ne4 32. b4 Rc7 33. Bc4 a5 34. a3 axb4 35. axb4 Kg7 36. Rd8 Nf6 37. Be2 Nd7 38. Bf3 Kf6 39. Re8 Ne5 40. Be4 Nd7 41. Bxb7 Rxb7 42. c6 Rc7 43. cxd7 Rxd7 44. Re1 Rb7 45. Rb1 Ke5 46. Kg3 f5 47. b5 Rb6 48. Kf3 h6 49. g3 g5 50. Ke3 Kd5 51. Rf1 Ke5 52. Rb1 Kd5 53. Rf1 Ke5 54. Rb1 Kd5 55. Rf1 Ke5 1/2-1/2

[Event "Warsaw Chess Open-B 2022"]
[Site "Warsaw"]
[Date "2022.07.20"]
[Round "3.6"]
[White "Trybowska, Barbara"]
[Black "Arciszewska, Zuzanna"]
[Result "0-1"]
[ECO "C52"]
[WhiteElo "1828"]
[BlackElo "1574"]
[Annotator "NA RC COMBH"]
[PlyCount "104"]
[EventDate "2022.07.18"]
[EventType "swiss"]
[EventCountry "POL"]
[SourceTitle "playchess.com"]
[Source "ChessBase"]
[SourceQuality "1"]
[TimeControl "40/5400+30:1800+30"]

1. e4 e5 2. Nf3 Nc6 3. Bc4 Bc5 4. b4 Bxb4 5. c3 Ba5 6. d4 exd4 7. O-O Nf6 8. e5 d5 9. exf6 dxc4 10. fxg7 Rg8 11. Re1+ Be6 12. Ng5 Qf6 13. Nxe6 fxe6 14. Qh5+ Kd7 15. Bh6 Rad8 16. Nd2 Qf5 17. Qxf5 exf5 18. cxd4 Bxd2 19. Bxd2 Rxg7 20. Bc3 Re7 21. Reb1 b6 22. Rb5 Rf7 23. Re1 a6 24. Rb2 Re7 25. Rd1 Rde8 26. Kf1 Nd8 27. d5 Nb7 28. Bf6 Rf7 29. Bd4 Nd6 30. f3 f4 31. Rc2 b5 32. Bc5 Nb7 33. Bf2 Rf5 34. Rcd2 Kd6 35. g4 fxg3 36. Bxg3+ Kd7 37. d6 Rxf3+ 38. Kg2 Rxg3+ 39. hxg3 cxd6 40. g4 Kc6 41. Kf3 Re6 42. Kf4 Nc5 43. g5 h6 44. gxh6 Rxh6 45. Kg5 Re6 46. Kf5 Re5+ 47. Kf4 Ne6+ 48. Kf3 d5 49. Rh1 Kc5 50. a3 c3 51. Rc1 Kc4 52. Kf2 Nc5 0-1

[Event "Warsaw Chess Open-B 2022"]
[Site "Warsaw"]
[Date "2022.07.20"]
[Round "3.7"]
[White "Vasynda, Oleksandr"]
[Black "Terkiewicz, Bruno"]
[Result "1/2-1/2"]
[ECO "A45"]
[WhiteElo "1802"]
[BlackElo "1473"]
[Annotator "NA RC COMBH"]
[PlyCount "73"]
[EventDate "2022.07.18"]
[EventType "swiss"]
[EventCountry "POL"]
[SourceTitle "playchess.com"]
[Source "ChessBase"]
[SourceQuality "1"]
[TimeControl "40/5400+30:1800+30"]

1. d4 Nf6 2. Bf4 d5 3. e3 e6 4. Nf3 c5 5. c3 Bd6 6. Bg3 Qc7 7. Ne5 Nbd7 8. f4 Ne4 9. Bd3 O-O 10. Bxe4 dxe4 11. Nd2 f5 12. O-O Nf6 13. Ndc4 Nd5 14. Re1 cxd4 15. exd4 Bd7 16. Qd2 b5 17. Nxd6 Qxd6 18. Bf2 Rfc8 19. Be3 Rc7 20. Rac1 Rac8 21. Qe2 Be8 22. Kh1 Qa6 23. a4 Qb7 24. axb5 Bxb5 25. Qc2 Bc4 26. Ra1 Bb3 27. Qd2 Qb6 28. Ra3 a5 29. Bf2 a4 30. g3 Qb5 31. Qe2 Qxe2 32. Rxe2 Nb6 33. Kg2 Nc4 34. Nxc4 Rxc4 35. Rd2 Rd8 36. Be3 Kf7 37. h3 1/2-1/2

[Event "Warsaw Chess Open-B 2022"]
[Site "Warsaw"]
[Date "2022.07.20"]
[Round "3.8"]
[White "Giemza, Julia"]
[Black "Martellier, Charles"]
[Result "0-1"]
[ECO "B40"]
[WhiteElo "1524"]
[BlackElo "1791"]
[Annotator "NA RC COMBH"]
[PlyCount "74"]
[EventDate "2022.07.18"]
[EventType "swiss"]
[EventCountry "POL"]
[SourceTitle "playchess.com"]
[Source "ChessBase"]
[SourceQuality "1"]
[TimeControl "40/5400+30:1800+30"]

1. e4 c5 2. Nf3 e6 3. d4 cxd4 4. Nxd4 Nf6 5. Bd3 Nc6 6. Nxc6 dxc6 7. O-O e5 8. Bg5 h6 9. Bh4 Be7 10. Nd2 Qc7 11. Nc4 Be6 12. Ne3 Rd8 13. Qe2 O-O 14. Nf5 Bxf5 15. exf5 Nd5 16. Bg3 Nf4 17. Bxf4 exf4 18. Qf3 Bf6 19. Rab1 Rfe8 20. c3 Rd5 21. Rbd1 Red8 22. Bb1 Rd2 23. Rxd2 Rxd2 24. b3 Qe5 25. c4 Qd4 26. Qg4 Bd8 27. f6 Qxf6 28. h3 g6 29. c5 h5 30. Qf3 Qd4 31. Re1 Bh4 32. Rf1 Kg7 33. a3 a5 34. a4 Bg3 35. Be4 f5 36. Bb1 Kh6 37. Rc1 Rxf2 0-1

[Event "Warsaw Chess Open-B 2022"]
[Site "Warsaw"]
[Date "2022.07.21"]
[Round "4.1"]
[White "Martellier, Charles"]
[Black "Kowalczyk, Adam"]
[Result "0-1"]
[ECO "A57"]
[WhiteElo "1791"]
[BlackElo "1944"]
[Annotator "TA"]
[PlyCount "88"]
[EventDate "2022.07.18"]
[EventType "swiss"]
[EventCountry "POL"]
[SourceTitle "playchess.com"]
[Source "ChessBase"]
[SourceQuality "1"]
[TimeControl "40/5400+30:1800+30"]

1. d4 Nf6 2. c4 c5 3. d5 b5 4. cxb5 a6 5. f3 e6 6. e4 exd5 7. e5 Qe7 8. Nc3 Ng8 9. Qe2 Bb7 10. Nh3 {[%emt 0:03:32] White wants to play Nf4.} c4 {[%emt 0:02:53] [#] A57: Benko/Volga Gambit.} 11. Qe3 $146 (11. Nf4 $14 {stays ahead.} Qc5 12. Nfxd5 Bxd5 13. Be3) ({Predecessor:} 11. Nf4 Qc5 12. Nfxd5 Bxd5 13. Be3 Qb4 14. a3 Qa5 15. Bd2 Be6 16. Nd5 Qd8 17. Qxc4 Ra7 18. Rc1 axb5 {1-0 (41) Nakamura,H (2704)-Vachier Lagrave,M (2716) Cap d'Agde 2008}) 11... Qc5 $17 (11... axb5 $6 12. Nf4 $11) 12. Qxc5 Bxc5 {[%emt 0:00:02] Black is better.} 13. Nf4 Ne7 14. Nfe2 (14. bxa6 $17 Nxa6 15. b3) 14... d4 ({Better is} 14... axb5 $19 {aiming for ...Bc6.} 15. Nxb5 O-O) 15. Na4 $1 $15 Bb4+ 16. Bd2 Bxd2+ 17. Kxd2 d3 18. Nd4 {[%emt 0:02:59] [#] Threatens to win with Nb6.} axb5 19. Nxb5 Rxa4 $17 20. Nd6+ Kf8 21. Nxb7 Rb4 $36 {[%emt 0:00:10][%csl LRb2,LRb7][%mdl 2048] Black has strong initiative.} 22. Nd6 Rxb2+ 23. Kc3 $2 (23. Kd1 $17 {is the only way for White.}) 23... Rc2+ $19 24. Kb4 Nd5+ 25. Kc5 Ne3 {[%emt 0:00:06] Pair of Knights!} (25... Nf4 $19 26. g3 Ne6+ 27. Kd5 Nc6) 26. Kd4 $17 Nxf1 {[%emt 0:04:08] Black is much more active. The white rooks are badly placed.} ({Inferior is} 26... Nxg2 27. Nxc4 Nf4 28. Bxd3 Nc6+ 29. Ke4 Nxd3 30. Kxd3 Nb4+ 31. Kd4 $15) 27. Rhxf1 (27. Nxc4 $17 Ke7 28. Raxf1) 27... Nc6+ $19 ({And not} 27... Rxg2 28. Nxc4 Nc6+ 29. Kxd3 $17) 28. Kd5 c3 29. Kc4 (29. Rg1 {was worth a try.}) 29... Nxe5+ 30. Kd4 f6 31. f4 Nf7 ({Much less strong is} 31... Rxg2 32. fxe5 c2 33. Kxd3 $18) (31... Nc6+ $19 {has better winning chances.} 32. Kc4 h5) 32. Ne4 Rxg2 33. Kxc3 (33. Rf2 $17 Rxf2 34. Nxf2) 33... Rxh2 34. Kxd3 Rh3+ 35. Kd4 (35. Ke2 {might work better.}) 35... Ra3 36. Nc5 g6 37. Nxd7+ (37. Rfb1 $142) 37... Kg7 {[%emt 0:00:13] White must now prevent ...Rd8.} 38. Kc4 Rha8 39. Rf2 $2 (39. Nb6 Rb8 40. Kc5) 39... Nd6+ 40. Kd5 Rd3+ 41. Kc6 Ra6+ $2 (41... Rc8+ 42. Kb6 Rdc3) 42. Kc7 $2 {[%emt 0:06:59] [#]} (42. Nb6 $19) 42... Rc3+ {[%emt 0:00:08] Black mates.} 43. Kd8 Rc8+ 44. Ke7 Re8# {Weighted Error Value: White=0.74/Black=0.43} 0-1

[Event "Warsaw Chess Open-B 2022"]
[Site "Warsaw"]
[Date "2022.07.21"]
[Round "4.2"]
[White "Pawicka, Magdalena"]
[Black "Radecki, Wojciech"]
[Result "1-0"]
[ECO "C53"]
[WhiteElo "1781"]
[BlackElo "1907"]
[Annotator "TA"]
[PlyCount "145"]
[EventDate "2022.07.18"]
[EventType "swiss"]
[EventCountry "POL"]
[SourceTitle "playchess.com"]
[Source "ChessBase"]
[SourceQuality "1"]
[TimeControl "40/5400+30:1800+30"]

1. e4 e5 2. Nf3 Nc6 3. Bc4 Bc5 4. c3 d6 5. d4 exd4 6. cxd4 Bb4+ 7. Bd2 Bxd2+ 8. Nbxd2 Nf6 9. O-O O-O 10. Re1 Bg4 {[%emt 0:05:35] C54: Giuoco Piano: 4 c3 Nf6, main lines with 5 d4 and 5 d3.} 11. h3 Bh5 12. e5 dxe5 {[%emt 0:00:57] White is slightly better.} 13. dxe5 Nd5 14. Nf1 {[%emt 0:06:42] [#]} (14. Qc2 $14) 14... Nf4 $146 ({Predecessor:} 14... Nb6 15. Bd3 Re8 16. g4 Bg6 17. Bxg6 hxg6 18. Qb3 Qd5 19. Qxd5 Nxd5 20. Rad1 Nf4 {½-½ (43) Kochinyan,H (1408)-Toth,N (1966) Mamaia 2017}) 15. Ng3 (15. N1h2 $1 $11) 15... Qxd1 $17 16. Raxd1 Bxf3 17. gxf3 Nxh3+ {[%emt 0:00:03] Pair of Knights!} 18. Kf1 Nf4 ({Black should try} 18... Rfd8 $17 {Strongly threatening ...Rxd1.} 19. Bd5 (19. e6 Kf8 $17) 19... Nf4 20. Bxc6 bxc6) 19. Rd7 $1 $11 Rac8 20. Nf5 Nb8 $2 {[#]} (20... h6 $11) 21. Rd4 $1 $36 {[%mdl 2048] White has strong initiative.} Ne6 22. Bxe6 (22. Ne7+ Kh8 23. Bxe6 Rce8 24. Bxf7 Rxe7 $11) 22... fxe6 23. Ne7+ Kf7 24. Nxc8 Rxc8 {[%emt 0:00:02][%mdl 4096] Endgame KRR-KRN} 25. f4 Ke7 26. Red1 c5 27. R4d3 Rc7 28. Ke2 Nc6 29. Rc1 Nb4 30. Ra3 ({White should play} 30. Rd6) 30... b6 $16 31. Rh1 h6 32. Rg3 Kf7 33. Rhg1 Kf8 34. Rg6 Re7 35. a3 Nc6 36. Ke3 Nd4 37. Ke4 Rf7 (37... a5 $142) 38. Rd1 Ke7 39. Rd2 Kf8 {[%emt 0:03:20] [#]} 40. b4 $1 Re7 41. bxc5 bxc5 (41... Nb3 $142 42. Rd8+ Kf7) 42. Rb2 $18 Rd7 43. Rg3 Kf7 44. Rc3 Rc7 45. Rb1 Kg6 46. Rg1+ Kh7 47. Rd1 {[%emt 0:01:00] Threatens to win with Rxd4.} Nb5 48. Rb3 a6 (48... Nd4 $142 49. Rc3 Rf7 50. Rxc5 Ne2) 49. a4 c4 (49... Nd4 $142) 50. Rg3 ({Worse is} 50. axb5 cxb3 51. bxa6 Rc4+ 52. Kf3 Ra4 $11) 50... Na7 51. Rc3 ({Not} 51. f5 exf5+ 52. Kxf5 c3 $18) 51... Nc8 52. Rdc1 Nb6 53. a5 Nd5 54. Rxc4 Rf7 55. Kf3 g5 $2 (55... Kg6 56. Rb1 Kf5) 56. Rc6 Rxf4+ 57. Kg3 h5 58. Rxe6 {[%emt 0:01:03] Hoping for Rd1.} Rg4+ 59. Kh2 {[%emt 0:00:23] And now Rd1 would win.} Rh4+ 60. Kg1 {[%emt 0:00:49] aiming for Rd1.} Rg4+ 61. Kf1 {[%emt 0:00:06] Rd1 is the strong threat.} Rh4 62. Rc5 Rh1+ 63. Kg2 Nf4+ 64. Kxh1 Nxe6 {[%emt 0:00:25] KR-KN} 65. Rc6 Nf4 66. Rxa6 {[%emt 0:00:19] White mates.} Nd3 67. e6 Kg6 68. Ra8 Kf6 69. a6 Nxf2+ 70. Kg2 Nd3 71. a7 Nf4+ 72. Kf1 Nxe6 73. Rc8 {[%emt 0:00:12] Weighted Error Value: White=0.13 (very precise) /Black=0.35} 1-0

[Event "Warsaw Chess Open-B 2022"]
[Site "Warsaw"]
[Date "2022.07.21"]
[Round "4.3"]
[White "Posuniak, Weronika"]
[Black "Arciszewska, Zuzanna"]
[Result "1-0"]
[ECO "A15"]
[WhiteElo "1895"]
[BlackElo "1574"]
[Annotator "NA COMBH RC"]
[PlyCount "129"]
[EventDate "2022.07.18"]
[EventType "swiss"]
[EventCountry "POL"]
[SourceTitle "playchess.com"]
[Source "ChessBase"]
[SourceQuality "1"]
[TimeControl "40/5400+30:1800+30"]

1. c4 Nf6 2. g3 d5 3. Bg2 e6 4. b3 Be7 5. e3 b6 6. Bb2 Bb7 7. Ne2 Nbd7 8. O-O O-O 9. Nf4 c6 10. Nc3 Rb8 11. cxd5 cxd5 12. Qe2 Re8 13. Rac1 a6 14. g4 h6 15. Kh1 Nc5 16. d4 Nce4 17. f3 Nxc3 18. Rxc3 Bd6 19. Nd3 Rc8 20. Rxc8 Qxc8 21. f4 a5 22. g5 hxg5 23. fxg5 Ne4 24. Qh5 g6 25. Qh6 Bf8 26. Qh4 Nd6 27. Rc1 Qd8 28. Qf4 Nf5 29. h4 Bd6 30. Ne5 Bxe5 31. dxe5 Qe7 32. Kh2 Qd7 33. Bd4 b5 34. Bb6 Rc8 35. Rxc8+ Qxc8 36. Bxa5 Qc2 37. Kh3 Qxa2 38. b4 Qb3 39. Bb6 Qd1 40. Qf1 Qa4 41. Bc5 Bc6 42. Qc1 Qb3 43. Bf3 Qa2 44. Qe1 Qb2 45. Bd6 Qb3 46. Bc5 Bd7 47. Qa1 Qa4 48. Qc1 Qb3 49. Qa1 Qa4 50. Qc3 Qa2 51. e4 dxe4 52. Bxe4 Qe2 53. Qd3 Qxd3+ 54. Bxd3 Bc6 55. Kg4 Ng7 56. Kf4 Ne8 57. Be4 Bd7 58. Ke3 Nc7 59. Kd4 Nd5 60. Bd6 Nb6 61. Bc2 Na4 62. Bxa4 bxa4 63. Kc4 Bc6 64. b5 Bd5+ {[%emt 0:00:22] 19.34} 65. Kb4 1-0

[Event "Warsaw Chess Open-B 2022"]
[Site "Warsaw"]
[Date "2022.07.21"]
[Round "4.4"]
[White "Masnyak, Yuriy"]
[Black "Kaminski, Jan"]
[Result "0-1"]
[ECO "A46"]
[WhiteElo "1432"]
[BlackElo "1870"]
[Annotator "NA RC COMBH"]
[PlyCount "116"]
[EventDate "2022.07.18"]
[EventType "swiss"]
[EventCountry "POL"]
[SourceTitle "playchess.com"]
[Source "ChessBase"]
[SourceQuality "1"]
[TimeControl "40/5400+30:1800+30"]

1. d4 Nf6 2. Nf3 d5 3. g3 c5 4. Bg2 cxd4 5. O-O e6 6. Bf4 Bc5 7. Nbd2 Nc6 8. Nb3 Bb6 9. Nbxd4 Nxd4 10. Nxd4 O-O 11. c4 dxc4 12. Nb5 Nd5 13. Bd6 Re8 14. e4 a6 15. Na3 Qxd6 16. exd5 Qb4 17. d6 Rd8 18. Qe2 c3 19. Nc4 cxb2 20. Rab1 Bd4 21. Rfd1 Bf6 22. Nxb2 Rxd6 23. Na4 Rxd1+ 24. Qxd1 Qd4 25. Nb6 Rb8 26. Nxc8 Rxc8 27. Bxb7 Qxd1+ 28. Rxd1 Rc2 29. Bxa6 Rxa2 30. Bb5 Rb2 31. Bc6 g6 32. Kg2 Be7 33. Rc1 Bg5 34. Rc3 Bf6 35. Rd3 Be7 36. Rc3 Kg7 37. Bd7 Bb4 38. Rc7 Ba5 39. Rc1 Bb6 40. Rf1 e5 41. g4 e4 42. Kg3 Bc7+ 43. Kg2 Kf6 44. Ba4 Kg5 45. Rc1 Be5 46. Bc2 Bf4 47. h4+ Kf6 48. Re1 Rxc2 49. Rxe4 Bd6 50. Re3 h6 51. Rf3+ Kg7 52. Kh3 Bc5 53. Kg3 f6 54. Kg2 Bd4 55. Kg3 Rc3 56. Rxc3 Bxc3 57. f4 Be1+ 58. Kh3 h5 0-1

[Event "Warsaw Chess Open-B 2022"]
[Site "Warsaw"]
[Date "2022.07.21"]
[Round "4.5"]
[White "Ryszkiewicz, Adam"]
[Black "Seklecki, Jakub"]
[Result "1-0"]
[ECO "D37"]
[WhiteElo "1977"]
[BlackElo "1501"]
[Annotator "TA"]
[PlyCount "59"]
[EventDate "2022.07.18"]
[EventType "swiss"]
[EventCountry "POL"]
[SourceTitle "playchess.com"]
[Source "ChessBase"]
[SourceQuality "1"]
[TimeControl "40/5400+30:1800+30"]

1. d4 Nf6 2. c4 e6 3. Nc3 d5 4. Nf3 dxc4 5. e3 a6 6. a4 Nbd7 7. Bxc4 c5 8. a5 {[%emt 0:02:01] D26: Queen's Gambit Accepted: 4 e3 e6 5 Bxc5 c5 sidelines.} b5 9. axb6 $1 Nxb6 10. Be2 {[%emt 0:02:25] [#] White has an edge.} Be7 $146 ({Predecessor:} 10... Bb7 11. O-O cxd4 12. exd4 Be7 13. Qb3 O-O 14. Be3 Nfd5 15. Na4 a5 {1-0 (32) Gurbanov,A (2355)-Tersinsev,A (2022) Bratislava 2015}) 11. O-O O-O 12. Qb3 Qc7 13. dxc5 Bxc5 14. Bd2 Qe7 15. Na4 Nxa4 16. Rxa4 Bb7 17. Rfa1 Qd7 18. Qc2 Rfc8 19. Bc3 {[%emt 0:01:08] [#] Hoping for Bxf6.} ({Much weaker is} 19. Bxa6 Bxa6 20. Rxa6 Rxa6 21. Rxa6 Bxe3 $15) 19... Qd6 $2 {[%emt 0:05:55][%mdl 8192] This costs Black the game.} (19... Nd5 $11) 20. Bxf6 $18 gxf6 21. Rg4+ ({Inferior is} 21. Rh4 f5 $11) 21... Kf8 $2 (21... Kh8 22. Rh4 f5 23. Qc3+ Kg8) 22. Qxh7 {[%emt 0:02:27] aiming for Rg7.} Ke7 23. Rg7 Rf8 24. Nh4 Ke8 25. Rd1 Qc7 26. Rc1 Qb6 27. Bh5 Bxe3 {[%emt 0:02:02] [#]} 28. Rxf7 $1 {[%emt 0:00:31] White mates.} Bxf2+ 29. Kh1 Rxf7 30. Qxf7+ {[%emt 0:00:06] Weighted Error Value: White=0.10 (very precise) /Black=0.93} 1-0

[Event "Warsaw Chess Open-B 2022"]
[Site "Warsaw"]
[Date "2022.07.21"]
[Round "4.6"]
[White "Smykalo, Severyn"]
[Black "Malicki, Jan"]
[Result "1-0"]
[ECO "D91"]
[WhiteElo "1921"]
[BlackElo "1416"]
[Annotator "TA"]
[PlyCount "33"]
[EventDate "2022.07.18"]
[EventType "swiss"]
[EventCountry "POL"]
[SourceTitle "playchess.com"]
[Source "ChessBase"]
[SourceQuality "1"]
[TimeControl "40/5400+30:1800+30"]

1. d4 Nf6 2. c4 g6 3. Nc3 d5 4. Nf3 Bg7 5. Bg5 c6 6. e3 O-O 7. Qb3 dxc4 8. Bxc4 Qb6 {[%emt 0:01:46] D91: Grünfeld: 4 Nf3 Bg7 5 Bg5.} 9. Qa3 Nbd7 10. O-O {[%emt 0:04:33] [#]} h6 $146 {[%emt 0:02:33] White is slightly better.} ({Predecessor:} 10... e6 11. Rac1 h6 12. Bh4 a5 13. Rfd1 Qc7 14. Bg3 Qd8 15. Bd3 Nb6 16. Bd6 Re8 {1-0 (30) Kaya,M (1457)-Satilmis,R (1362) Konya 2017}) 11. Bh4 {[%emt 0:01:13] 0x0.00144c2da64bdp-1022s more active pieces. The black rooks are badly placed.} g5 12. Bg3 Nh5 $2 {[%emt 0:02:25] [#]} (12... a5 $16) 13. Qxe7 $18 Nxg3 14. fxg3 {[%emt 0:01:02][%cal Of3g5] Strongly threatening Nxg5!} ({Don't do} 14. hxg3 $6 Bf6 15. Qe4 Bg7) 14... Qxb2 $2 (14... Qd8 {keeps fighting.} 15. Bxf7+ Kh8 16. Qxd8 Rxd8) 15. Ne4 Qb6 $2 {[%emt 0:02:43] [#]} (15... Nb6) 16. Nfxg5 $1 hxg5 (16... Qd8 17. Rxf7) 17. Rxf7 {[%emt 0:00:12] White took control after the opening.  Weighted Error Value: White=0.26 (precise) /Black=1.22} 1-0

[Event "Warsaw Chess Open-B 2022"]
[Site "Warsaw"]
[Date "2022.07.21"]
[Round "4.7"]
[White "Szymkiewicz, Witold"]
[Black "Vasynda, Oleksandr"]
[Result "1/2-1/2"]
[ECO "D02"]
[WhiteElo "1642"]
[BlackElo "1802"]
[Annotator "NA RC COMBH"]
[PlyCount "110"]
[EventDate "2022.07.18"]
[EventType "swiss"]
[EventCountry "POL"]
[SourceTitle "playchess.com"]
[Source "ChessBase"]
[SourceQuality "1"]
[TimeControl "40/5400+30:1800+30"]

1. d4 d5 2. Nf3 Nf6 3. Bf4 c5 4. e3 Nc6 5. c3 Qb6 6. Qc1 Bf5 7. Nbd2 h6 8. Be2 e6 9. O-O Rc8 10. dxc5 Bxc5 11. Nb3 Be7 12. Nbd4 Bh7 13. Nxc6 bxc6 14. Ne5 O-O 15. Bd3 Rfd8 16. Bxh7+ Nxh7 17. Qc2 Nf6 18. h3 Ne4 19. Rfd1 Nd6 20. b3 Bf6 21. Rac1 Nf5 22. e4 Nd6 23. exd5 cxd5 24. Rd3 Qa5 25. Ng4 Be7 26. Bxd6 Rxd6 27. f4 h5 28. Ne5 Bf6 29. Qe2 g6 30. Rg3 Kf8 31. Qd3 Rc7 32. Rf1 Ke7 33. Re3 Kd8 34. Nc4 Qxc3 35. Qxc3 Bxc3 36. Nxd6 Bd4 37. Kf2 a6 38. Rd1 Bxe3+ 39. Kxe3 Ke7 40. Nxf7 Kxf7 41. Kd3 Kf6 42. g4 hxg4 43. hxg4 g5 44. fxg5+ Kxg5 45. Kd4 Kxg4 46. Ke5 Rc6 47. Rf1 Kg3 48. Rf8 Kg2 49. b4 Rc4 50. Kxe6 d4 51. Kd5 Rxb4 52. Rf4 Ra4 53. Rxd4 Rxa2 54. Rf4 Ra5+ 55. Kc6 Ra1 1/2-1/2

[Event "Warsaw Chess Open-B 2022"]
[Site "Warsaw"]
[Date "2022.07.21"]
[Round "4.8"]
[White "Terkiewicz, Bruno"]
[Black "Bem, Tymoteusz"]
[Result "0-1"]
[ECO "B31"]
[WhiteElo "1473"]
[BlackElo "1679"]
[Annotator "NA RC COMBH"]
[PlyCount "43"]
[EventDate "2022.07.18"]
[EventType "swiss"]
[EventCountry "POL"]
[SourceTitle "playchess.com"]
[Source "ChessBase"]
[SourceQuality "1"]
[TimeControl "40/5400+30:1800+30"]

1. e4 c5 2. Nf3 Nc6 3. Bb5 g6 4. Bxc6 bxc6 5. O-O Bg7 6. d3 e5 7. h3 Ne7 8. Be3 d6 9. Nbd2 O-O 10. Nc4 h6 11. Qe2 f5 12. Rad1 Be6 13. Bc1 Qd7 14. c3 Rad8 15. Rfe1 g5 16. exf5 Bxf5 17. Ne3 Be6 18. d4 cxd4 19. cxd4 e4 20. Nd2 d5 21. Nb3 Qd6 22. Nc5 0-1